 Dungeon Crawl Stone Soup version 0.29-a0-338-g1ff7896281 (webtiles) character file.

Game seed: 2822882925193991331

1474 spaghetti the Nimble (level 8, 0/62 HPs)
             Began as a Deep Dwarf Necromancer on Apr 18, 2022.
             Slain by an ogre
             ... wielding a +0 giant club
              (27 damage)
             ... on level 6 of the Dungeon.
             The game lasted 00:13:53 (6308 turns).

spaghetti the Nimble (Deep Dwarf Necromancer)       Turns: 6308, Time: 00:13:54

Health: 0/62       AC:  5    Str: 13    XL:     8   Next: 49%
Magic:  6/10       EV: 13    Int: 26    God:
Gold:   312        SH:  9    Dex: 13    Spells: 6/10 levels left

rFire   . . .      SeeInvis .   t - +4 dagger (speed) {short}
rCold   . . .      Faith    .   l - +0 kite shield
rNeg    . . .      Spirit   .   b - +0 leather armour of Pokluix {Int+9}
rPois   .          Reflect  .   d - +0 helmet
rElec   .          Harm     .   q - +0 cloak
rCorr   .          Rampage  .   (no gloves)
Will    +....      Clarity  +   (no boots)
Stlth   ++........              (no amulet)
HPRegen 0.00/turn               (no ring)
MPRegen 0.12/turn               (no ring)

@: no status effects
A: damage resistance, heal wounds, sense surroundings 1, no regeneration, talons
1, clarity, sturdy frame 1
a: Heal Wounds


You were on level 6 of the Dungeon.
You visited 1 branch of the dungeon, and saw 6 of its levels.

You collected 312 gold pieces.


Innate Abilities, Weirdness & Mutations

You are resistant to damage.
You can heal yourself by infusing magical energy.
You passively map a small area around you.
You do not regenerate.
You have sharp toenails.
You possess an exceptional clarity of mind.
Your movements are slightly less encumbered by armour. (ER -2)


   Skills:
 - Level 1.1 Armour
 * Level 8.1 Dodging
 - Level 2.4 Stealth
 + Level 5.0 Shields
 - Level 1.7 Spellcasting
 - Level 8.0 Necromancy


You had 6 spell levels left.
You knew the following spells:

 Your Spells              Type           Power      Damage    Failure   Level
a - Pain                  Necr           100%       1d9       1%          1
b - Vampiric Draining     Necr           43%        2d9       3%          3

Your spell library contained the following spells:

 Spells                   Type           Power      Damage    Failure   Level
 Animate Skeleton         Necr           86%        N/A       1%          1
 Animate Dead             Necr           21%        N/A       12%         4
 Agony                    Necr           43%        N/A       32%         5
 Tukima's Dance           Hex            2%         N/A       67%         3
 Passage of Golubria      Tloc           2%         N/A       97%         4
 Yara's Violent Unravell  Hex/Tmut       1%         3d3       100%        5

Inventory:

Hand Weapons
 c - a +0 dagger {short}
   (You took it off a goblin on level 1 of the Dungeon)
 g - a +1 dagger of draining {short}
   (You took it off a kobold on level 1 of the Dungeon)
 k - a +1 dagger of venom {short}
   (You took it off a goblin on level 2 of the Dungeon)
 n - a +3 quarterstaff of chaos {staff}
   (You took it off Crazy Yiuf on level 2 of the Dungeon)
 p - a +0 hand crossbow {crossbow}
   (You took it off a goblin on level 2 of the Dungeon)
 t - a +4 dagger of speed (weapon) {short}
   (You took it off an orc on level 3 of the Dungeon)
Missiles
 i - 58 stones {throwing}
 v - 3 poisoned darts {throwing}
 C - 3 boomerangs {throwing}
 D - 2 throwing nets {=f!fthrowing}
Armour
 b - the +0 leather armour of Pokluix (worn) {Int+9}
   (You found it on level 3 of the Dungeon)

   Int:       It affects your intelligence (+9).
 d - a +0 helmet (worn)
   (You took it off Robin on level 2 of the Dungeon)
 l - a +0 kite shield (worn)
   (You took it off a kobold on level 2 of the Dungeon)
 q - a +0 cloak (worn)
   (You took it off Crazy Yiuf on level 2 of the Dungeon)
Wands
 m - a wand of digging (2)
   (You took it off a goblin on level 2 of the Dungeon)
 y - a wand of paralysis (5)
   (You found it on level 5 of the Dungeon)
Scrolls
 e - 2 scrolls of vulnerability {!r!r}
 f - 5 scrolls of identify {@r1}
 h - 2 scrolls of acquirement {unknown}
 j - 3 scrolls of teleportation {@r4}
 o - a scroll of magic mapping {!r}
 r - a scroll of silence {!r}
 u - a scroll of fog {unknown}
 x - a scroll of summoning {unknown}
Potions
 a - 2 potions of flight
 s - a potion of haste {@q3}
 w - a potion of might {unknown}
 z - a potion of experience {unknown}
 A - a potion of ambrosia {unknown}
 B - a potion of brilliance {unknown}

Dungeon Overview and Level Annotations

Branches:
Dungeon (6/15)
 Temple: D:4-7

Altars:
Gozag
Uskayaw

Shops:
D:3 =(:

Annotations:
D:4 3 runed translucent doors, spaghetti's ghost, amateur DDAM

* #..).#....### #####
#..)........# #....
##))........##### .....
####...........#..#
......#...........##....###
#.>###............##....#.# ,
##.....##....###.####...#.# ,
#......##..#.>.....##.....#, , *
##.<..##..##..@O..........#
###....[....###....#........'....
#...........#.#.###.....#...'...≈
...##............ ####..#<..'....
... ##.......###., ,*#......#....
.. #.........#* ,.......#.... .
............# ........##...
...........#..... #....#.... #..
#.........##....


You could see an ogre.


Message History

😨 HP[-2]
You take 2 damage, and now have 35/93 hp.
You hit the orc. You barely miss the orc. You block the orc's attack.
You barely miss the orc. You hit the orc but do no damage.
You block the orc's attack.
You hit the orc but do no damage. The orc hits you but does no damage.
You hit the orc. You barely miss the orc. The orc hits you but does no damage.
You hit the orc. You hit the orc. You block the orc's attack.
You hit the orc.
You kill the orc!
You cannot move.
You start resting.
An ogre comes into view.
It is wielding a +0 giant club. 😨 MP[+1] Unknown command.
Unknown command.
An ogre is nearby!
The ogre shouts!
Casting: Pain (safe; 2% risk of failure)
Confirm with . or Enter, or press ? or * to list all spells.
You can't see any susceptible monsters within range! (Use Z to cast anyway.) Unknown command.
Aiming: Paralyse
Press: ? - help, Shift-Dir - straight line, f - ogre
Aim: an ogre, wielding a +0 giant club (chance to affect: 49%)
The ogre suddenly stops moving!
An ogre is nearby! 😨 MP[+1] 😨 MP[+1]
The ogre is no longer paralysed.
Okay, then.
Aiming: Paralyse
Press: ? - help, Shift-Dir - straight line, f/p - ogre
Aim: an ogre, wielding a +0 giant club (chance to affect: 49%)
The ogre suddenly stops moving!
Your extra speed is starting to run out.
The helpless ogre fails to defend itself.
You hit the ogre.
The helpless ogre fails to defend itself.
You puncture the ogre!
The helpless ogre fails to defend itself.
You puncture the ogre!
The helpless ogre fails to defend itself.
You puncture the ogre!
You kill the ogre!
Your transformation is almost over.
Your Dodging skill increases to level 8!
Your Shields skill increases to level 5! 😨 MP[+1] Unknown command.
Unknown command.
You start resting.
You feel yourself slow down.
You feel less wooden.
Your +0 cloak unmelds from your body.
Your +0 helmet unmelds from your body.
The +0 leather armour of Pokluix {Int+9} unmelds from your body. 😨 HP[-12] MP[+4]
You now have 62 max hp (-31).
Your mp is fully restored (10).
Unknown command.
You start waiting.
Done waiting.
Things that are here:
a +0 flail {mace}; a +0 hand axe {axe}; an orc corpse
Things that are here:
a +0 short sword {short}; an orc corpse
Things that are here:
a +0 flail {mace}; a +0 hand axe {axe}; an orc corpse
Things that are here:
a +0 long sword {long}; a +0 chain mail; an orc corpse
Things that are here:
a +0 giant club {mace}; a +0 hand axe {axe}; a +0 leather armour You now have 312 gold pieces (gained 15).
w - a puce potion
D - 2 throwing nets {=f!fthrowing}
Found a stone staircase leading up.
As you open the gate, it creaks loudly!
An ogre comes into view. It is wielding a +0 giant club.
An ogre is nearby!
An ogre is nearby!
An ogre is nearby!
An ogre is nearby!
Casting: Pain (safe; 1% risk of failure)
Confirm with . or Enter, or press ? or * to list all spells.
Aiming: Pain (safe; 1% risk of failure)
Press: ? - help, Shift-Dir - straight line, f - ogre
Aim: an ogre, wielding a +0 giant club (chance to affect: 83%)
The ogre barely resists. 😨 MP[-1]
You lost 1 mp, and now have 9/10 mp.
Casting: Pain (safe; 1% risk of failure)
Confirm with . or Enter, or press ? or * to list all spells.
Aiming: Vampiric Draining (dangerous; 3% risk of failure)
Press: ? - help, Shift-Dir - straight line, f/p - ogre
Aim: an ogre, wielding a +0 giant club You draw life force from the ogre!
You feel life coursing into your body.
The ogre hits you with a +0 giant club!!
You die...

Skill      XL: |  1  2  3  4  5  6  7  8 |
---------------+-------------------------+-----
Necromancy     | 5 6 7 8 |  8.0
Dodging        | 3 5 6 8 |  8.1
Armour         | 1 |  1.1
Shields        | 2 4 5 |  5.0
Stealth        | |  2.4
Spellcasting   | |  1.7

Action                   |  1- 3 |  4- 6 |  7- 9 || total
-------------------------+-------+-------+-------++-------
Melee: Unarmed           |    39 |       |       ||    39
       Kick              |    10 |    24 |    22 ||    56
       Dagger            |    32 |    79 |    92 ||   203
 Cast: Pain              |    45 |    27 |     3 ||    75
       Vampiric Draining |    10 |    24 |    21 ||    55
 Abil: Heal Wounds       |     2 |       |       ||     2
Evoke: Wand              |       |       |     2 ||     2
  Use: Potion            |     2 |     4 |     3 ||     9
       Scroll            |     4 |     3 |       ||     7
 Stab: Sleeping          |       |     1 |     2 ||     3
       Paralysed         |       |       |     4 ||     4
Armor: Robe              |    15 |     8 |       ||    23
       Chain mail        |       |    13 |       ||    13
       Leather armour    |       |     9 |    10 ||    19
       Skin              |       |       |     7 ||     7
Dodge: Dodged            |   113 |    34 |    47 ||   194
Block: Kite shield       |       |    31 |    52 ||    83

Levels and vault maps discovered:
D:1:      dpeg_arrival_tiny_a, layout_rooms, hellmonk_ecumenical_altar_run_dry
D:2:      layout_loops_corners, uniq_robin, uniq_crazy_yiuf_cottage
D:3:      layout_loops_ring, grunt_temple_overflow_open, serial_shops,
          nicolae_shop_hallway_plus, nicolae_shop_bloodbath_and_beyond, shop,
          chequers_avenue
D:4:      cheibrodos_helix_gallery, layout_cave_pools, gammafunk_ghost_icy,
          uniq_menkaure
D:5:      layout_layer_cave, minmay_fractal_squares_diagonal_5
D:6:      minmay_clustersquares, layout_cave_pools, kennysheep_donut

Notes
Turn   | Place    | Note
-------+----------+-------------------------------------------
     0 | D:1      | spaghetti the Deep Dwarf Necromancer began the quest for
                  | the Orb.
     0 | D:1      | Reached XP level 1. HP: 15/15 MP: 3/3
     0 | D:1      | magus.rc [v1.9.6]
   169 | D:1      | Gained mutation: You have sharp toenails. [potion of
                  | mutation]
   169 | D:1      | Gained mutation: You possess an exceptional clarity of
                  | mind. [potion of mutation]
   169 | D:1      | Gained mutation: Your movements are slightly less
                  | encumbered by armour. (ER -2) [potion of mutation]
   174 | D:1      | Reached XP level 2. HP: 13/22 MP: 0/4
   241 | D:1      | Reached skill level 5 in Necromancy
   266 | D:2      | HP: 5/22 [adder (3)]
   338 | D:1      | Reached skill level 3 in Dodging
   338 | D:1      | Reached XP level 3. HP: 6/28 MP: 3/5
   346 | D:1      | Learned a level 3 spell: Vampiric Draining
   666 | D:1      | Found a faded altar of an unknown god.
   893 | D:2      | Noticed Robin
   966 | D:2      | HP: 4/28 [hobgoblin[Robin] (4)]
   967 | D:2      | HP: 1/28 [hobgoblin[Robin] (3)]
  1463 | D:2      | Killed Robin
  1464 | D:2      | Reached skill level 1 in Armour
  1464 | D:2      | Reached XP level 4. HP: 35/36 MP: 0/6
  1732 | D:2      | Found a runed translucent door.
  1733 | D:2      | Noticed Crazy Yiuf
  2330 | D:2      | HP: 9/36 [Crazy Yiuf/+3 quarterstaff of chaos (6)]
  2337 | D:2      | Killed Crazy Yiuf
  2645 | D:3      | Identified the +0 leather armour of Pokluix {Int+9}
  2809 | D:3      | Found an opulent altar of Gozag.
  2811 | D:3      | Found a hide-covered altar of Uskayaw.
  2870 | D:3      | Found Nirus's Book Shoppe.
  2889 | D:3      | Reached skill level 6 in Necromancy
  2963 | D:3      | Found Feecogir's Weapon Shop.
  2978 | D:3      | Reached XP level 5. HP: 22/41 MP: 0/7
  3326 | D:3      | Found Gijofod's Jewellery Shop.
  3800 | D:4      | Reached skill level 7 in Necromancy
  3892 | D:4      | Reached XP level 6. HP: 48/49 MP: 1/8
  4057 | D:4      | Reached skill level 4 in Dodging
  4074 | D:4      | Reached skill level 1 in Shields
  4359 | D:4      | Noticed Menkaure
  4370 | D:4      | Killed Menkaure
  4463 | D:4      | Found a runed translucent gate.
  4463 | D:4      | Found a runed translucent gate.
  4463 | D:4      | Found a runed translucent gate.
  4470 | D:4      | Noticed an ice beast
  4492 | D:4      | Reached skill level 5 in Dodging
  4492 | D:4      | Reached skill level 2 in Shields
  4492 | D:4      | Reached XP level 7. HP: 22/55 MP: 0/9
  4724 | D:4      | Noticed spaghetti's ghost (amateur DDAM)
  4779 | D:5      | Entered Level 5 of the Dungeon
  5175 | D:5      | Reached skill level 6 in Dodging
  5175 | D:5      | Reached skill level 3 in Shields
  5175 | D:5      | Reached skill level 8 in Necromancy
  5512 | D:5      | You add the spells Tukima's Dance, Passage of Golubria and
                  | Yara's Violent Unravelling to your library.
  5578 | D:5      | Reached skill level 4 in Shields
  5578 | D:5      | Reached XP level 8. HP: 46/62 MP: 1/10
  5583 | D:5      | Reached skill level 7 in Dodging
  6124 | D:6      | Reached skill level 8 in Dodging
  6124 | D:6      | Reached skill level 5 in Shields
  6308 | D:6      | Slain by an ogre

Vanquished Creatures
  Menkaure (D:4)
  2 water moccasins
  An orc warrior (D:6)
  A black bear (D:4)
  An ogre (D:6)
  A centaur (D:5)
  A phantom (D:5)
  4 scorpions
  A killer bee (D:5)
  A jelly (D:5)
  2 hounds (D:5)
  2 orc priests (D:4)
  Crazy Yiuf (D:2)
  An iguana (D:5)
  2 orc wizards (D:4)
  Robin (D:2)
  4 adders
  A white imp (D:6)
  A worm (D:2)
  15 orcs
  8 bats
  2 endoplasms (D:1)
  4 giant cockroaches
  12 goblins
  10 hobgoblins
  15 jackals
  6 kobolds
  2 quokkas
  5 ball pythons
  5 rats
113 creatures vanquished.

Table legend:
 A = Non-vault XP
 B = Vault XP
 C = Vault XP percentage of total XP
 D = Non-vault monster count
 E = Vault monster count
 F = Vault count percentage of total count
                 A         B        C        D         E       F
            +---------+---------+-------+---------+---------+-------
      Total |    1789 |     318 |  15.1 |      94 |      19 |  16.8
            +---------+---------+-------+---------+---------+-------
        D:1 |      40 |       0 |   0.0 |      22 |       0 |   0.0
        D:2 |      48 |      76 |  61.3 |      20 |      13 |  39.4
        D:3 |      51 |       0 |   0.0 |      14 |       0 |   0.0
        D:4 |     474 |     168 |  26.2 |      18 |       3 |  14.3
        D:5 |     738 |      74 |   9.1 |      12 |       3 |  20.0
        D:6 |     438 |       0 |   0.0 |       8 |       0 |   0.0
            +---------+---------+-------+---------+---------+-------

Illustrated notes

Table legend:
 A = Kills in this place as a percentage of kills in entire the game.
 B = Kills by you in this place as a percentage of kills by you in the entire game.
 C = Kills by friends in this place as a percentage of kills by friends in the entire game.
 D = Other kills in this place as a percentage of other kills in the entire game.
 E = Experience gained in this place as a percentage of experience gained in the entire game.
 F = Experience gained in this place divided by the number of levels of this place that you have seen.
                   A       B       C       D       E      F
               +-------+-------+-------+-------+-------+----------------------
         Total | 100.0 | 100.0 |   N/A |   N/A | 100.0 | 351.2
       Dungeon | 100.0 | 100.0 |   N/A |   N/A | 100.0 | 351.2
               +-------+-------+-------+-------+-------+----------------------

Table legend: (Time is in decaauts)
 A = Elapsed time spent in this place.
 B = Non-inter-level travel time spent in this place.
 C = Inter-level travel time spent in this place.
 D = Time resting spent in this place.
 E = Time spent auto-exploring this place.
 F = Levels seen in this place.
 G = Mean time per level.
                   A        B        C        D        E       F      G
               +--------+--------+--------+--------+--------+-----+--------+
         Total |   6273 |   6088 |    185 |   1480 |   3717 |   6 | 1045.5 |
       Dungeon |   6273 |   6088 |    185 |   1480 |   3717 |   6 | 1045.5 |
               +--------+--------+--------+--------+--------+-----+--------+

Top non-repeatable levels by time:
     D:2: 1664 daAuts
     D:3: 1233 daAuts
     D:5: 1169 daAuts
     D:4: 1080 daAuts
     D:1: 801 daAuts
     D:6: 324 daAuts
